 Dungeon Crawl Stone Soup version 0.26-a0-651-gb41185065b (webtiles) character file.

Game seed: 15561077359013236588

346863 Arthanis the Executioner (level 22, -1/155 HPs)
             Began as a Gargoyle Berserker on Oct 17, 2020.
             Was the Champion of Trog.
             Slain by an orc warlord
             ... wielding the +9 demon blade of Unnaet {freeze, Stlth+}
              (15 damage)
             ... on level 3 of the Vaults.
             The game lasted 01:26:15 (40549 turns).

Arthanis the Executioner (Gargoyle Berserker)      Turns: 40549, Time: 01:26:16

Health: -1/155     AC: 53    Str: 26    XL:     22   Next: 13%
Magic:  19/19      EV:  8    Int: 21    God:    Trog [******]
Gold:   6109       SH: 18    Dex:  9    Spells: 21/21 levels left

rFire    + + +     SeeInvis .   a - +12 war axe of Interdependent Arising {vorpal, *Drain rElec rPois Str+2}
rCold    + . .     Faith    .   k - +2 tower shield {AC+3}
rNeg     + + .     Spirit   .   x - +3 plate armour {rF+}
rPois    ∞         Reflect  .   R - +0 helmet "Enkoy" {+Fly rF+ rN+ rCorr}
rElec    +         Harm     .   J - scarf {rC+ rF+}
rCorr    +         Rampage  .   s - +0 pair of gloves
MR       +++..                  w - +1 pair of boots of Generosity {rCorr Str+3}
Stlth    ..........             v - amulet of regeneration
HPRegen  1.75/turn              Y - +4 ring of protection
MPRegen  0.16/turn              i - ring "Unablin" {+Fly AC+4 Int+3}

@: berserk cooldown, flying, regenerating, slowed, studying Armour, very slow
A: big wings, low mp 1, negative energy resistance 1, electricity resistance,
unbreathing, petrification resistance, rot immunity, AC +16
}: 2/15 runes: decaying, gossamer
a: Stop Flying, Berserk, Trog's Hand, Brothers in Arms, Renounce Religion


You were on level 3 of the Vaults.
You worshipped Trog.
Trog was exalted by your worship.
You visited 7 branches of the dungeon, and saw 37 of its levels.
You visited the Abyss 1 time.
You also visited: Ice Cave, Wizlab and Desolation.

You collected 6942 gold pieces.
You spent 833 gold pieces at shops.

Inventory:

Hand Weapons
 a - the +12 war axe of Interdependent Arising (weapon) {vorpal, *Drain rElec rPois Str+2}
   (Trog gifted it to you on level 1 of the Vaults)

   It inflicts extra damage upon your enemies.
   It affects your strength (+2).
   It insulates you from electricity.
   It protects you from poison.
   It causes draining when unequipped.
 b - a +2 antimagic broad axe
 t - a +2 executioner's axe of electrocution
 W - a +0 broad axe of flaming
 Z - a +4 executioner's axe of holy wrath
Missiles
 F - 2 throwing nets (quivered)
Armour
 k - a +2 tower shield of protection (worn)
 s - a +0 pair of gloves (worn)
 w - the +1 pair of boots of Generosity (worn) {rCorr Str+3}
   (You found it on level 3 of the Elven Halls)

   It affects your strength (+3).
   It provides partial protection from all sources of acid and corrosion.
 x - a +3 plate armour of fire resistance (worn)
 y - a scarf of invisibility
 J - a scarf of resistance (worn)
 R - the +0 helmet "Enkoy" (worn) {+Fly rF+ rN+ rCorr}
   (You found it on level 3 of the Elven Halls)

   It protects you from fire.
   It protects you from negative energy.
   It lets you fly.
   It provides partial protection from all sources of acid and corrosion.
Jewellery
 i - the ring "Unablin" (right hand) {+Fly AC+4 Int+3}
   (You took it off a deep elf annihilator on level 3 of the Elven Halls)

   [ring of protection]

   It affects your AC (+4).
   It affects your intelligence (+3).
   It lets you fly.
 j - an uncursed ring of see invisible
 v - an amulet of regeneration (around neck)
 Y - a +4 ring of protection (left hand)
Wands
 E - a wand of paralysis (32)
 I - a wand of acid (17)
 P - a wand of disintegration (45)
 T - a wand of iceblast (52)
 X - a wand of digging (7)
Scrolls
 c - 6 scrolls of blinking
 f - 10 scrolls of fog
 h - 6 scrolls of immolation
 p - 6 scrolls of fear
 q - 19 scrolls of teleportation
 r - 8 scrolls of enchant weapon
 u - 21 scrolls of remove curse
 z - 4 scrolls of silence
 D - 5 scrolls of identify
 G - 8 scrolls of enchant armour
 Q - a scroll of magic mapping
 S - 6 scrolls of vulnerability
 U - 2 scrolls of summoning
 V - a scroll of holy word
Potions
 d - 4 potions of berserk rage
 e - 9 potions of ambrosia
 g - 14 potions of curing
 l - a potion of experience {unknown}
 o - 2 potions of cancellation
 A - 4 potions of might
 B - 6 potions of lignification
 C - 8 potions of brilliance
 H - 4 potions of haste
 K - 8 potions of magic
 L - 3 potions of mutation
 M - 5 potions of heal wounds
 N - 4 potions of resistance
Books
 m - a manual of Armour
Miscellaneous
 n - a lightning rod (4/4)
 O - a box of beasts (3/3)


   Skills:
 + Level 21.0 Fighting
 * Level 22.4 Axes
 + Level 14.1 Armour
 + Level 9.6 Dodging
 - Level 6.1 Shields
 + Level 13.9 Evocations


You had 21 spell levels left.
You didn't know any spells.
Your spell library contained the following spells:

 Spells                   Type           Power        Failure   Level
 Magic Dart               Conj           #...         100%        1
 Sandblast                Erth           #.....       100%        1
 Shock                    Conj/Air       #...         100%        1
 Sting                    Tmut/Pois      #...         100%        1
 Summon Small Mammal      Summ           #...         100%        1
 Blink                    Tloc           N/A          100%        2
 Call Imp                 Summ           #.......     100%        2
 Ensorcelled Hibernation  Hex/Ice        #.....       100%        2
 Passwall                 Tmut/Erth      #.......     100%        2
 Poisonous Vapours        Pois/Air       #.....       100%        2
 Slow                     Hex            #.......     100%        2
 Swiftness                Air            #.......     100%        2
 Call Canine Familiar     Summ           #.......     100%        3
 Confusing Touch          Hex            #.......     100%        3
 Conjure Flame            Conj/Fire      #.......     100%        3
 Gell's Gravitas          Tloc           #.........   100%        3
 Ignite Poison            Fire/Tmut/Pois #.......     100%        3
 Mephitic Cloud           Conj/Pois/Air  #.......     100%        3
 Static Discharge         Conj/Air       #.......     100%        3
 Stone Arrow              Conj/Erth      #.....       100%        3
 Airstrike                Air            #.........   100%        4
 Cause Fear               Hex            #.........   100%        4
 Olgreb's Toxic Radiance  Pois           #.......     100%        4
 Petrify                  Tmut/Erth      #.......     100%        4
 Summon Ice Beast         Ice/Summ       #.......     100%        4
 Borgnjor's Vile Clutch   Necr/Erth      #.........   100%        5
 Lee's Rapid Deconstruct  Erth           #.........   100%        5
 Lightning Bolt           Conj/Air       #.........   100%        5
 Metabolic Englaciation   Hex/Ice        #.........   100%        5
 Silence                  Hex/Air        #.........   100%        5
 Yara's Violent Unravell  Hex/Tmut       #.........   100%        5
 Conjure Ball Lightning   Conj/Air       #.........   100%        6
 Freezing Cloud           Conj/Ice/Air   #.........   100%        6
 Iron Shot                Conj/Erth      #.........   100%        6
 Shadow Creatures         Summ           N/A          100%        6
 Spellforged Servitor     Conj/Summ      #.........   100%        7
 Discord                  Hex            #.........   100%        8


Dungeon Overview and Level Annotations

Branches:
Dungeon (15/15)            Temple (0/1) D:6            Lair (6/6) D:9
  Swamp (4/4) Lair:4       Spider (4/4) Lair:3        Slime (0/5) Lair:6
    Orc (2/2) D:9             Elf (3/3) Orc:2        Vaults (3/5) D:14
  Crypt (0/3) Vaults:2     Depths (0/5) D:15          IceCv (visited)
 WizLab (visited)         Desolation (visited)

Altars:
Ashenzari
Elyvilon
Gozag
Kikubaaqudgha
Makhleb
Nemelex Xobeh
Okawaru
Ru
Sif Muna
Vehumet
Xom
Yredelemnul
Zin
The Shining One
Beogh
Jiyva

Shops:
D:4 !   D:12 *   Orc:2 :[(*   Vaults:2 (

Portals:
Hell: Lair:6
Trove: D:12 (give 16 scrolls of teleportation)

Annotations:
Lair:1 exclusion: 2 oklob plants


Innate Abilities, Weirdness & Mutations

You are resistant to torment.
Your stone body is resilient. (AC +16)
You are immune to poison.
Your large and strong wings let you fly indefinitely.
You resist negative energy. (rN+)
You are resistant to electric shocks. (rElec)
You can survive without breathing.
You are immune to petrification.
You are immune to rotting.
Your magical capacity is low. (-10% MP)


Message History

* * * LOW HITPOINT WARNING * * *
The orc warlord freezes you.
* * * LOW HITPOINT WARNING * * *
The ironbrand convoker hits you but does no damage.
You slash the ironbrand convoker!
The ironbrand convoker is almost dead.
You hit the orc warlord. You block the orc warlord's attack.
You block the ironbrand convoker's attack.
The orc warlord blocks your attack.
The orc warlord is almost dead.
You slash the ironbrand convoker!
You kill the ironbrand convoker!
Trog accepts your kill.
Trog appreciates your killing of a magic user.
You block the orc warlord's attack.
The orc warlord hits you but does no damage.
The orc warlord blocks your attack.
The orc warlord is almost dead.
The orc warlord hits you with the +9 demon blade of Unnaet {freeze, Stlth+}!
You die...

.. #'##### .......
....... ##
###########.......
.#
#....∩....#.......
.#
#.........#)......
.#
#........o@.......
.#
#....))).)#).....^
.#
#....)()..########
.# #......(..# .#
#######''###### .#
#.........# '#####
#...((....#
.....##
#...).(...# ####
......##
#....((...#.....


You could see an orc warlord (strong).

Vanquished Creatures
  A bone dragon (Swamp:4)
  A deep elf blademaster (Elf:3)
  2 deep elf master archers (Elf:3)
  A sphinx (Vaults:1)
  4 imperial myrmidons (Desolation)
  3 vault wardens
  2 ghost moths (Spider:4)
  7 deep elf sorcerers
  Louise (D:14)
  8 emperor scorpions
  2 orc warlords
  2 deep elf elementalists (Elf:3)
  13 ironheart preservers
  An entropy weaver (Vaults:1)
  6 stone giants
  3 deep elf demonologists
  Nessos (D:14)
  A spark wasp (Spider:3)
  7 deep elf annihilators (Elf:3)
  An orange crystal statue (WizLab)
  2 halazid warlocks (Desolation)
  Snorg (Lair:5)
  7 yaktaur captains
  5 fire dragons
  4 deep elf death magi
  2 crystal guardians (Desolation)
  6 ragged hierophants (Desolation)
  2 great orbs of eyes
  4 deep elf high priests (Elf:3)
  A rakshasa (Vaults:1)
  12 hydras
  4 ice dragons
  A vault guard (Vaults:1)
  6 servants of whispers (Desolation)
  3 shambling mangroves
  10 peacekeepers (Desolation)
  10 centaur warriors
  25 two-headed ogres
  3 death knights
  5 ghost crabs
  3 deep troll earth magi
  9 alligators
  3 death yaks (Lair:5)
  2 tengu warriors (D:14)
  20 dancing weapons
  A vampire mage (Vaults:2)
  7 ogre magi
  Urug (Orc:2)
  3 orc high priests
  15 deep elf knights
  A sun demon (Lair:6)
  9 skeletal warriors
  A death drake (Swamp:4)
  A shadow wraith (Vaults:2)
  13 deep trolls
  4 unseen horrors
  A glowing orange brain (Vaults:1)
  2 spectral hydras (Swamp:4)
  A wizard (Vaults:1)
  2 swamp dragons (Swamp:4)
  10 deep elf archers
  A flayed ghost (Vaults:1)
  16 orc knights
  A phantasmal warrior (D:13)
  An orb spider (shapeshifter) (Vaults:1)
  2 necromancers
  16 ironbrand convokers
  5 orc sorcerers
  A manticore (D:14)
  40 wolf spiders
  2 human zombies
  A salamander (shapeshifter) (Vaults:1)
  17 orb spiders
  2 stone giant zombies (Vaults:2)
  58 deep elf magi
  27 ugly things
  19 slime creatures
  5 cyclopes
  3 centaur zombies
  8 guardian serpents (Desolation)
  A molten gargoyle (Desolation)
  2 ice statues (IceCv)
  8 vault sentinels
  5 black mambas
  2 torpor snails
  A smoke demon (Lair:6)
  A storm dragon simulacrum (Vaults:1)
  16 cane toads
  4 centaur skeletons
  5 gargoyles
  A kobold demonologist (D:6)
  6 swamp worm zombies (Swamp:4)
  10 komodo dragons
  An orange demon (Lair:6)
  3 ice devils
  An efreet (D:15)
  11 rime drakes
  11 demonic crawlers
  A red devil (Lair:6)
  A small abomination (Elf:3)
  18 yaktaurs
  4 hydra zombies (Swamp:4)
  2 freezing wraiths
  10 trolls
  24 jumping spiders
  65 saltlings (Desolation)
  A polar bear (D:14)
  11 hornets
  13 tyrant leeches
  10 bog bodies
  2 spectral swamp dragons (Swamp:4)
  4 blink frogs (Lair:5)
  4 alligator zombies (Swamp:4)
  5 dream sheep (Lair:6)
  A frost giant simulacrum (Vaults:1)
  8 hippogriffs
  A meliai zombie (D:14)
  2 air elementals
  2 shadows
  A tarantella (shapeshifter) (Vaults:1)
  53 redbacks
  4 centaur simulacra (D:14)
  3 vampires (Vaults:2)
  3 wraiths
  29 tarantellas
  2 wyverns
  6 water elementals
  6 basilisks
  A fire elemental (Elf:3)
  A golden eye (shapeshifter) (Vaults:1)
  3 spriggans
  22 yaks
  16 humans (D:14)
  A steam dragon (D:15)
  13 vampire mosquitoes
  3 human simulacra
  10 wargs
  23 insubstantial wisps
  A soldier ant (D:6)
  14 swamp worms
  2 hell hounds (Lair:6)
  2 soldier ants (shapeshifter)
  2 acid dragons
  12 water moccasins
  9 porcupines
  49 orc warriors
  3 swamp dragon zombies (Swamp:4)
  16 ice beasts
  2 black bears
  An eye of draining (shapeshifter) (Vaults:1)
  4 swamp drakes
  An eye of draining (D:13)
  3 sky beasts
  A black bear (shapeshifter) (Vaults:3)
  12 phantoms
  A boggart (Vaults:2)
  26 ogres
  15 centaurs
  30 wolves
  12 crocodiles
  A big kobold (D:11)
  A big kobold (shapeshifter) (D:15)
  Blork the orc (Orc:2)
  2 human skeletons
  A wyvern zombie (D:6)
  17 bullfrogs
  An elf simulacrum (Vaults:1)
  An ogre simulacrum (Vaults:1)
  A wyvern skeleton (D:14)
  7 scorpions
  12 wights
  9 electric eels
  3 howler monkeys
  2 vampire bats (D:3)
  2 bullfrog zombies
  26 orc priests
  8 hounds
  2 gnoll shamans (D:7)
  2 jellies
  Crazy Yiuf (D:2)
  2 bullfrog skeletons
  4 iguanas
  Terence (D:2)
  30 orc wizards
  Natasha (D:3)
  A spectral swamp drake (Swamp:4)
  11 worker ants
  7 hell rats (Lair:5)
  A killer bee zombie (D:5)
  A hound zombie (D:5)
  2 worker ant zombies
  Robin (D:2)
  14 adders
  17 gnolls
  3 swamp drake zombies (Swamp:4)
  5 white imps
  6 ufetubi
  An ooze (D:2)
  An adder skeleton (D:4)
  An adder zombie (D:5)
  6 worms
  A dart slug (D:3)
  6 leopard geckos
  126 orcs
  10 bats
  3 bat skeletons (D:3)
  A bat zombie (D:3)
  8 giant cockroaches
  21 goblins
  5 hobgoblins
  7 jackals
  6 quokkas
  3 ball pythons
  3 frilled lizards
  10 kobolds
  A quokka skeleton (D:10)
  15 rats
1652 creatures vanquished.

Vanquished Creatures (collateral kills)
  2 deep elf blademasters
  Agnes (D:14)
  A deep elf sorcerer (Elf:3)
  2 deep elf annihilators (Elf:3)
  2 deep elf high priests (Elf:3)
  A two-headed ogre (D:14)
  A dancing weapon (Elf:2)
  3 deep elf knights (Elf:2)
  A wizard (Lair:6)
  2 deep elf magi
  An ice devil (Lair:6)
  2 red devils (Lair:6)
  A hell hound (Lair:6)
20 creatures vanquished.

Vanquished Creatures (others)
  An unseen horror (D:14)
  A deep elf mage (Elf:1)
  A jumping spider (Spider:4)
  A swamp worm (Swamp:4)
  An insubstantial wisp (Swamp:4)
  An electric eel (Spider:4)
  An orc wizard (Orc:2)
  An orc (D:14)
  46 fungi
  21 plants
75 creatures vanquished.

Grand Total: 1747 creatures vanquished

Notes
Turn   | Place    | Note
-------+----------+-------------------------------------------
     0 | D:1      | Arthanis the Gargoyle Berserker began the quest for the
                  | Orb.
     0 | D:1      | Reached XP level 1. HP: 14/14 MP: 1/1
    85 | D:1      | Reached XP level 2. HP: 19/19 MP: 2/2
    96 | D:1      | Reached skill level 3 in Axes
   517 | D:1      | Reached XP level 3. HP: 14/23 MP: 3/3
  1314 | D:2      | Reached ** piety under Trog
  1419 | D:2      | Noticed Terence
  1433 | D:2      | Killed Terence
  1433 | D:2      | Reached XP level 4. HP: 25/29 MP: 4/4
  1628 | D:2      | Noticed Robin
  1642 | D:2      | Killed Robin
  1870 | D:2      | Reached XP level 5. HP: 23/33 MP: 5/5
  1872 | D:2      | Reached skill level 4 in Axes
  2346 | D:2      | Found a runed translucent door.
  2347 | D:2      | Noticed Crazy Yiuf
  2355 | D:2      | Killed Crazy Yiuf
  2439 | D:2      | Reached XP level 6. HP: 39/39 MP: 6/6
  2689 | D:3      | Found a broken altar of Ashenzari.
  2710 | D:3      | Reached *** piety under Trog
  3002 | D:3      | Noticed Natasha
  3014 | D:3      | Killed Natasha
  3197 | D:3      | Found an ancient bone altar of Kikubaaqudgha.
  3224 | D:3      | Reached skill level 5 in Axes
  3575 | D:4      | Found a shimmering blue altar of Sif Muna.
  3576 | D:4      | Found a burning altar of Makhleb.
  3576 | D:4      | Found Fixywkao's Distillery.
  3577 | D:4      | Found an opulent altar of Gozag.
  3583 | D:4      | Bought a potion of degeneration for 10 gold pieces
  3583 | D:4      | Bought a potion of curing for 30 gold pieces
  3583 | D:4      | Bought a potion of might for 40 gold pieces
  3583 | D:4      | Bought a potion of lignification for 30 gold pieces
  3583 | D:4      | Bought a potion of berserk rage for 50 gold pieces
  3583 | D:4      | Bought a potion of brilliance for 40 gold pieces
  3601 | D:4      | Got a crystal quarterstaff
  3625 | D:4      | Reached skill level 5 in Fighting
  3625 | D:4      | Reached XP level 7. HP: 44/44 MP: 7/7
  3879 | D:5      | Entered Level 5 of the Dungeon
  3913 | D:5      | Reached **** piety under Trog
  3913 | D:5      | Reached skill level 1 in Shields
  4052 | D:5      | Found a radiant altar of Vehumet.
  4208 | D:5      | Reached skill level 6 in Axes
  4556 | D:5      | Reached XP level 8. HP: 50/50 MP: 8/8
  4944 | D:6      | Reached skill level 1 in Evocations
  5106 | D:6      | Found a sparkling altar of Nemelex Xobeh.
  5408 | D:6      | Reached skill level 7 in Axes
  5423 | D:6      | Noticed a kobold demonologist
  5433 | D:6      | Noticed a hellwing
  5434 | D:6      | Killed a kobold demonologist
  5434 | D:6      | Reached XP level 9. HP: 56/56 MP: 9/9
  5620 | D:6      | Found a staircase to the Ecumenical Temple.
  5987 | D:7      | Reached skill level 8 in Axes
  6415 | D:7      | Got a pitted falchion
  6740 | D:8      | Reached ***** piety under Trog
  6740 | D:8      | Reached skill level 9 in Axes
  7321 | D:9      | Noticed a two-headed ogre
  7329 | D:9      | Killed a two-headed ogre
  7329 | D:9      | Reached skill level 10 in Axes
  7329 | D:9      | Reached XP level 10. HP: 66/66 MP: 10/10
  7513 | D:9      | Found a staircase to the Lair.
  7534 | D:9      | Received a gift from Trog
  7740 | D:9      | Found a shimmering altar of Xom.
  7837 | D:9      | Reached skill level 11 in Axes
  7861 | D:9      | Found a staircase to the Orcish Mines.
  8158 | D:9      | Found a glowing silver altar of Zin.
  8158 | D:9      | Found a broken altar of Ashenzari.
  8160 | D:9      | Found a white marble altar of Elyvilon.
  8233 | D:10     | Entered Level 10 of the Dungeon
  8281 | D:9      | Found an iron altar of Okawaru.
  8281 | D:9      | Found a sacrificial altar of Ru.
  8355 | D:10     | Reached skill level 10 in Fighting
  8359 | D:10     | Noticed a two-headed ogre
  8369 | D:10     | Killed a two-headed ogre
  8369 | D:10     | Reached skill level 5 in Armour
  8369 | D:10     | Reached XP level 11. HP: 72/72 MP: 3/11
  8719 | D:11     | Received a gift from Trog
  8738 | D:11     | Got a transparent falchion {god gift}
  8776 | D:11     | Noticed a two-headed ogre
  8783 | D:11     | Killed a two-headed ogre
  8783 | D:11     | Reached skill level 12 in Axes
  8783 | D:11     | Noticed a cyan ugly thing
  8796 | D:11     | Killed a cyan ugly thing
  9507 | D:12     | Noticed a cyclops
  9524 | D:12     | Killed an unseen horror
  9598 | D:12     | Killed a cyclops
  9699 | D:12     | Found an iron altar of Okawaru.
  9980 | D:12     | Found Qeixzaamn's Assorted Antiques.
  9981 | D:12     | Noticed a two-headed ogre
  9986 | D:12     | Killed a two-headed ogre
 10014 | D:12     | Bought a scroll labeled NAFESYDDENK for 35 gold pieces
 10014 | D:12     | Bought a scroll labeled NAFESYDDENK for 35 gold pieces
 10014 | D:12     | Bought a scroll labeled FUQ JUOBRIAGO for 35 gold pieces
 10014 | D:12     | Bought a puce potion for 31 gold pieces
 10014 | D:12     | Bought a scroll of fog for 70 gold pieces
 10217 | D:12     | Found a portal to a secret trove of treasure.
 10377 | D:13     | Noticed a phantasmal warrior
 10377 | D:13     | Noticed a skeletal warrior
 10399 | D:12     | Killed a skeletal warrior
 10399 | D:12     | Reached skill level 13 in Axes
 10399 | D:12     | Reached XP level 12. HP: 65/80 MP: 4/12
 11007 | D:13     | Noticed a centaur warrior
 11015 | D:13     | Killed a centaur warrior
 11292 | D:13     | Noticed a death knight
 11311 | D:13     | Killed a death knight
 11514 | Lair:1   | Entered Level 1 of the Lair of Beasts
 11538 | Lair:1   | Reached skill level 14 in Axes
 12668 | Lair:2   | Noticed an eight-headed hydra
 12679 | Lair:2   | Killed an eight-headed hydra
 13312 | Lair:3   | Reached XP level 13. HP: 69/87 MP: 4/13
 13749 | Lair:3   | Found a hole to the Spider Nest.
 14423 | Lair:4   | Reached ****** piety under Trog
 14442 | Lair:4   | Received a gift from Trog
 14456 | Lair:4   | Identified the +4 falchion of Tortfeasance {freeze, rElec}
                  | (You found it on level 7 of the Dungeon)
 14457 | Lair:4   | Identified the +4 quarterstaff of the Iron City of Dis
                  | {speed, MR+ Str+2 Int+4 SInv} (You found it on level 4 of
                  | the Dungeon)
 14458 | Lair:4   | Identified the +6 falchion of Trog {flame, rElec} (Trog
                  | gifted it to you on level 11 of the Dungeon)
 14467 | Lair:4   | Identified a scroll of acquirement
 14477 | Lair:4   | Found a staircase to the Swamp.
 14817 | Lair:5   | Noticed Snorg
 14833 | Lair:5   | Killed Snorg
 15336 | Lair:5   | Reached skill level 15 in Axes
 15649 | Lair:6   | Entered Level 6 of the Lair of Beasts
 15909 | Lair:6   | Found a staircase to the Slime Pits.
 15909 | Lair:6   | Found a viscous altar of Jiyva.
 15934 | Lair:6   | HP: 3/88 [nine-headed hydra (3)]
 15934 | Lair:6   | HP: 1/88 [nine-headed hydra (2)]
 16132 | Lair:6   | Reached skill level 5 in Evocations
 16279 | Lair:6   | Gained mutation: Your large and strong wings let you fly
                  | indefinitely. [Gargoyle growth]
 16279 | Lair:6   | Reached XP level 14. HP: 94/94 MP: 4/14
 16288 | Lair:6   | Received a gift from Trog
 17012 | Lair:6   | Found a burning altar of Makhleb.
 17025 | Lair:6   | HP: 3/95 [sun demon (16)]
 17281 | Lair:6   | Found a gateway to Hell.
 17649 | Orc:1    | Entered Level 1 of the Orcish Mines
 17748 | Orc:1    | Received a gift from Trog
 17883 | Orc:1    | Reached skill level 16 in Axes
 18097 | Orc:2    | Entered Level 2 of the Orcish Mines
 18097 | Orc:2    | Noticed a stone giant
 18284 | Orc:2    | Killed a stone giant
 18332 | Orc:2    | Found a staircase to the Elven Halls.
 18455 | Orc:2    | Noticed an orc warlord
 18490 | Orc:2    | Killed an orc warlord
 18546 | Orc:2    | Noticed Urug
 18565 | Orc:2    | Killed Urug
 18577 | Orc:2    | Found a roughly hewn altar of Beogh.
 18578 | Orc:2    | Noticed Blork the orc
 18601 | Orc:2    | Killed Blork the orc
 18612 | Orc:2    | Found Zoblewom's Antique Weapon Emporium.
 18635 | Orc:2    | Found Cousecou's General Store.
 18737 | Orc:2    | Bought a potion of heal wounds for 65 gold pieces
 18770 | Orc:2    | Received a gift from Trog
 18863 | Orc:2    | Found Teasuqon's Book Emporium.
 19362 | Orc:2    | Found Ewaust's Antique Armour Emporium.
 19369 | Orc:2    | Bought a runed hat for 175 gold pieces
 19369 | Orc:2    | Bought a glowing helmet for 187 gold pieces
 19646 | D:14     | Found a gate to the Vaults.
 19646 | D:14     | Noticed Nessos
 19654 | D:14     | Reached XP level 15. HP: 101/101 MP: 15/15
 19696 | D:14     | Killed Nessos
 19711 | D:14     | Noticed Agnes
 19738 | D:14     | Killed Agnes
 19829 | D:14     | Reached skill level 17 in Axes
 19952 | D:14     | Noticed Louise
 19987 | D:14     | Cast into level 2 of the Abyss (Louise)
 19987 | Abyss:2  | Found a corrupted altar of Lugonu.
 19991 | D:14     | Escaped the Abyss
 19998 | D:14     | Killed Louise
 20030 | D:14     | Reached skill level 15 in Fighting
 20075 | D:14     | Found a frozen archway.
 20104 | IceCv    | Entered an ice cave
 20195 | IceCv    | Received a gift from Trog
 20303 | IceCv    | Got a warped granite ring
 20777 | D:14     | Found a basalt altar of Yredelemnul.
 21047 | D:15     | Entered Level 15 of the Dungeon
 21278 | D:15     | Found a glowing golden altar of the Shining One.
 21310 | D:15     | Identified the ring of the Death Scarab {+Fly Int+5} (You
                  | found it in an ice cave)
 21456 | D:15     | Found a staircase to the Depths.
 21792 | Swamp:1  | Entered Level 1 of the Swamp
 22125 | Swamp:1  | Reached XP level 16. HP: 108/108 MP: 5/16
 22826 | Swamp:2  | Received a gift from Trog
 23418 | Swamp:3  | Reached skill level 18 in Axes
 24630 | Swamp:4  | Entered Level 4 of the Swamp
 24953 | Swamp:4  | Reached skill level 10 in Armour
 25130 | Swamp:4  | Reached skill level 5 in Dodging
 25173 | Swamp:4  | Noticed a bone dragon
 25213 | Swamp:4  | Killed a bone dragon
 25222 | Swamp:4  | Reached XP level 17. HP: 105/115 MP: 5/17
 25224 | Swamp:4  | Received a gift from Trog
 25261 | Swamp:4  | Got a decaying rune of Zot
 25874 | Elf:1    | Entered Level 1 of the Elven Halls
 25957 | Orc:2    | Acquired 1209 gold pieces
 25961 | Orc:2    | Acquired a manual of Fighting
 25976 | Elf:1    | Reached skill level 10 in Evocations
 26876 | Elf:2    | Reached skill level 19 in Axes
 26955 | Elf:2    | Gained mutation: Your magical capacity is low. (-10% MP) [a
                  | neqoxec]
 26962 | Elf:2    | Received a gift from Trog
 27024 | Elf:2    | Found a shimmering altar of Xom.
 27854 | Elf:2    | Found a huge runed translucent gate.
 27854 | Elf:2    | Found a huge runed translucent gate.
 27859 | Elf:2    | Found a huge runed translucent gate.
 27859 | Elf:2    | Found a huge runed translucent gate.
 27859 | Elf:2    | Found a huge runed translucent gate.
 28055 | Elf:2    | Received a gift from Trog
 28215 | Elf:2    | Reached XP level 18. HP: 124/124 MP: 5/16
 28221 | Elf:2    | Noticed a deep elf blademaster
 28269 | Elf:2    | Killed a deep elf blademaster
 28509 | Elf:3    | Entered Level 3 of the Elven Halls
 28825 | Elf:3    | Noticed a deep elf master archer
 28854 | Elf:3    | Killed a deep elf master archer
 28860 | Elf:3    | Identified the +5 great sword "Xutteg" {antimagic, Fragile
                  | Dex+6}
 28871 | Elf:3    | Received a gift from Trog
 28977 | Elf:3    | Noticed a deep elf blademaster
 29018 | Elf:3    | Killed a deep elf blademaster
 29093 | Elf:3    | Reached skill level 20 in Axes
 29161 | Elf:3    | Noticed a deep elf master archer
 29205 | Elf:3    | Killed a deep elf master archer
 29312 | Elf:3    | Identified the +4 trident of Regicide {protect, rPois rC+
                  | Str+6 Dex+2}
 29315 | Elf:3    | Noticed a deep elf blademaster
 29341 | Elf:3    | Identified the ring "Unablin" {+Fly AC+4 Int+3}
 29635 | Elf:3    | Identified the amulet "Seibisor" {Acrobat +Fly rPois}
 29692 | Elf:3    | Killed a deep elf blademaster
 29692 | Elf:3    | Received a gift from Trog
 29702 | Elf:3    | Identified the +4 halberd of Ascent {vorpal, rN++ Str-2
                  | Int+7}
 29702 | Elf:3    | Identified the ring of the Butterfly {*Tele rN+}
 29846 | Elf:3    | Got a pair of spiked boots
 29866 | Elf:3    | Identified the +1 pair of boots of Generosity {rCorr Str+3}
                  | (You found it on level 3 of the Elven Halls)
 29893 | Elf:3    | Identified the Papyrus of Snow and Creation
 29991 | Elf:3    | Got a spiked helmet
 30002 | Elf:3    | Identified the +0 helmet "Enkoy" {+Fly rF+ rN+ rCorr} (You
                  | found it on level 3 of the Elven Halls)
 30540 | Spider:1 | Entered Level 1 of the Spider Nest
 30898 | Spider:1 | Reached XP level 19. HP: 132/132 MP: 5/17
 31718 | Spider:2 | You are sucked into a shaft and drop 1 floor!
 31744 | Spider:3 | Received a gift from Trog
 32955 | Spider:3 | Reached skill level 5 in Shields
 33241 | Spider:4 | Entered Level 4 of the Spider Nest
 34037 | Spider:4 | Received a gift from Trog
 34451 | Spider:4 | Got a gossamer rune of Zot
 34722 | Vaults:1 | Entered Level 1 of the Vaults
 34864 | Vaults:1 | Reached skill level 21 in Axes
 35096 | Vaults:1 | Reached XP level 20. HP: 140/140 MP: 6/18
 35247 | Vaults:1 | Received a gift from Trog
 35301 | Vaults:1 | Got an ancient war axe {god gift}
 35308 | Vaults:1 | Identified the +12 war axe of Interdependent Arising
                  | {vorpal, *Drain rElec rPois Str+2} (Trog gifted it to you
                  | on level 1 of the Vaults)
 35505 | Vaults:1 | Received a gift from Trog
 36277 | Vaults:1 | Found an opulent altar of Gozag.
 36776 | Vaults:1 | Received a gift from Trog
 37148 | Vaults:2 | Found a staircase to the Crypt.
 37546 | Vaults:2 | Reached XP level 21. HP: 137/147 MP: 18/18
 37642 | Vaults:2 | Received a gift from Trog
 38514 | Vaults:2 | Found Feozie's Antique Weapon Shop.
 38684 | Vaults:3 | Found a ruined gateway.
 38707 | Vaults:3 | Found a magical portal.
 38721 | WizLab   | Entered Wucad Mu's Monastery
 38860 | WizLab   | Found the +9 staff of Wucad Mu {channel}
 39047 | Vaults:3 | Identified the +9 demon blade of Unnaet {freeze, Stlth+}
 39047 | Vaults:3 | Identified the +9 tower shield of Orthodoxy {rElec rF+
                  | Dex+4}
 39059 | Vaults:3 | Received a gift from Trog
 39165 | Desolati | Entered the Desolation of Salt
 39180 | Desolati | Reached skill level 22 in Axes
 39254 | Desolati | Identified the Tome of the Earthen Entourage
 39724 | Desolati | Identified the Collected Works on Nocuous Conjuration
 39726 | Desolati | Identified the Grimoire of Harmful Toxins
 39847 | Desolati | Identified the cursed +0 kite shield of Foolhardiness
                  | {Str-5 Dex+6}
 39848 | Desolati | Received a gift from Trog
 40148 | Desolati | Reached XP level 22. HP: 112/153 MP: 19/19
 40308 | Vaults:3 | Acquired 421 gold pieces
 40476 | Vaults:3 | Identified the +9 great sword of True Grit {flame, rF+ rC+
                  | Str-5}
 40546 | Vaults:3 | HP: 7/155 [orc warlord/the +9 demon blade of Unnaet
                  | {freeze, Stlth+} (3)]
 40549 | Vaults:3 | Slain by an orc warlord

Illustrated notes

Levels and vault maps discovered:
D:1:      sevenhm_arrival_forest_fort_large_2, layout_basic,
          hangedman_feature_mirror
D:2:      layout_basic, uniq_robin, uniq_crazy_yiuf_cottage, uniq_terence
D:3:      layout_loops_ring, kennysheep_vampire_church, ashenzari_altar_1,
          uniq_natasha
D:4:      layout_gridville, grunt_temple_overflow_open, serial_shops, shop
D:5:      layout_basic, vehumet_altar_wand_db, zaba_anthole, interstate_on_off
D:6:      layout_gridville, minmay_temple_entry_nine_rooms, serial_rivers,
          chequers_serial_rivers_micro_e, chequers_serial_rivers_room_b,
          chequers_serial_rivers_small_a, chequers_serial_rivers_small_a,
          chequers_serial_rivers_micro_d, chequers_serial_rivers_small_a,
          basic_altar, kb_rosetta
D:7:      statuecave_lemuel, layout_gridville, serial_bayou_pond_c
D:8:      layout_gridville, minmay_liquid_box, dk_vineyard_1,
          chequers_decorated_corner, grunt_decor_arrowhead
D:9:      layout_cave_pools, nicolae_overflow_hidden_temple, erik_lair_island,
          hiddenorc1_lemuel, serial_glass, glass_columns_a, glass_columns_c,
          xom_teletrap_fun
D:10:     layout_rooms, minmay_crystal_room
D:11:     layout_long_grid
D:12:     layout_basic, basic_altar, serial_shops, shop,
          nicolae_trove_entry_crystal
D:13:     layout_roguey
D:14:     layout_basic, david_vaults_3, serial_ice, serial_ice_j, serial_ice_n,
          serial_ice_f, serial_ice_e, portal_ice_cave_demonic_guard,
          yredelemnul_altar_generic, uniq_louise, uniq_agnes
D:15:     grunt_enter_depths_snipers, layout_gridville,
          chequers_serial_rivers_small_a, basic_altar
Lair:1:   layout_long_grid, minmay_lair_oklob_chamber, grunt_megastairs_4
Lair:2:   layout_cave_pods
Lair:3:   layout_chaotic_city, dummy_spider_entry, st_stairs_12
Lair:4:   layout_misc_corridors, minmay_swamp_entry_reptiles,
          minmay_lindwurm_lava, serial_bayou_shore_b
Lair:5:   layout_roguey, lemuel_fruit_tree, infiniplex_staircase_pool,
          serial_bayou_shore_b, uniq_snorg
Lair:6:   evil_forest, layout_small_grid, slime_altar_1
Swamp:1:  layout_basic_swamp, evilmike_swamp_ruin_house_1
Swamp:2:  layout_basic_swamp, evilmike_swamp_ruin_wall
Swamp:3:  layout_basic_swamp, nicolae_swamp_treefoil
Swamp:4:  swamp_pestilence, layout_basic_swamp, infiniplex_staircase_pool_2
Spider:1: layout_spider_delve
Spider:2: layout_spider_delve, spiders_nest_spider_trap
Spider:3: layout_spider_delve
Spider:4: grunt_spider_rune_circles
Orc:1:    layout_caves
Orc:2:    grunt_orc_cross, layout_caves, nicolae_orc_bridge_out, mines5_lemuel
Elf:1:    layout_loops_cross, minmay_elf_sorcery
Elf:2:    layout_geoelf_octagon, basic_altar, minivault_27, st_stairs_13
Elf:3:    minmay_elf_hall_quartered_circle, layout_geoelf_octagon,
          nicolae_elf_glass_and_crystal_pillar_1
Vaults:1: nicolae_vaults_arrows, nicolae_vaults_branching_niches,
          vaults_dpeg_hooks, vaults_dpeg_ring, vaults_room_grunt_arrival_ludios,
          v_alt_pattern_1, grunt_vaults_trifunnel, vaults_room_pools,
          vaults_room_pool, nicolae_vaults_little_squares_4,
          nicolae_vaults_big_ls, nicolae_vaults_little_squares_1,
          nicolae_vaults_windows_and_doors_thing, dpeg_vaults_monster_box,
          grunt_vaults_diagonal, v_misc_15, ontoclasm_vaults_fault,
          layout_vaults_omnibox, basic_altar
Vaults:2: nicolae_vaults_twisting_passages, minmay_crypt_entry_vampire_xt,
          v_rooms_4, vaults_mumra_minichess, vaults_room_fours, v_misc_27,
          nicolae_vaults_little_squares_2, v_misc_16, vaults_mumra_lcd,
          nicolae_vaults_asterisk, nicolae_vaults_shelves_hall,
          layout_vaults_omnigrid, serial_shops, nicolae_shop_waterfront
Vaults:3: biasface_vaults_ghost_orc_armoury, ontoclasm_vaults_gateway,
          vaults_room_pools, v_misc_16, nicolae_vaults_three_branches,
          nicolae_vaults_little_squares_5, nicolae_vaults_theta,
          nicolae_vaults_rhombus_6, vaults_room_door_ring, v_misc_4, v_misc_25,
          ontoclasm_vaults_twist, layout_vaults_maze_snakey, mu_enter_wizlab_5,
          portal_desolation_entry_garden, serial_shops, bzr_entry_dummy

Skill      XL: |  1  2  3  4  5  6  7  8  9 10 11 12 13 14 15 16 17 18 19 20 21 22 |
---------------+-------------------------------------------------------------------+-----
Axes           | 3 4 5 6 7 10 11 13 14 15 16 17 18 19 20 21 22 | 22.4
Dodging        | 2 4 5 6 7 8 9 |  9.6
Armour         | 3 4 5 6 8 9 10 11 12 13 14 | 14.1
Fighting       | 4 5 6 9 10 11 12 13 14 15 17 19 20 21 | 21.0
Shields        | 3 4 6 |  6.1
Evocations     | 2 3 5 7 8 9 10 12 13 | 13.9

Action                   |  1- 3 |  4- 6 |  7- 9 | 10-12 | 13-15 | 16-18 | 19-21 | 22-24 || total
-------------------------+-------+-------+-------+-------+-------+-------+-------+-------++-------
Melee: Hand axe          |   104 |   172 |   237 |       |       |       |       |       ||   513
       Short sword       |       |   158 |    92 |       |       |       |       |       ||   250
       Trident           |       |       |   169 |    41 |    39 |       |       |       ||   249
       War axe           |       |       |       |    85 |    35 |    28 |   935 |    79 ||  1162
       Battleaxe         |       |       |       |   507 |   132 |       |       |       ||   639
       Broad axe         |       |       |       |       |  1291 |  1858 |   810 |       ||  3959
       Executioner's axe |       |       |       |       |    18 |       |       |       ||    18
Invok: Berserk           |     3 |     4 |     7 |    13 |    20 |    24 |    11 |     1 ||    83
       Trog's Hand       |       |       |       |     1 |    10 |    16 |     9 |     1 ||    37
       Brothers in Arms  |       |       |       |       |     3 |     4 |       |       ||     7
 Abil: Fly               |       |       |       |       |     1 |       |       |       ||     1
Evoke: Wand              |       |       |       |       |     3 |       |    11 |       ||    14
       Box of beasts     |       |       |       |       |       |     1 |       |       ||     1
  Use: Scroll            |       |       |     2 |     2 |    19 |    10 |    11 |     1 ||    45
       Potion            |       |       |       |       |     1 |       |     2 |       ||     3
 Stab: Paralysed         |       |       |       |       |     7 |       |    10 |       ||    17
       Confused          |       |       |       |       |       |     1 |       |       ||     1
       Held in net/web   |       |       |       |       |       |       |     1 |       ||     1
Armor: Animal skin       |    49 |     6 |       |       |       |       |       |       ||    55
       Scale mail        |       |   232 |       |       |       |       |       |       ||   232
       Chain mail        |       |    35 |   167 |       |       |       |       |       ||   202
       Plate armour      |       |       |   140 |   534 |  1201 |  1533 |  1490 |    25 ||  4923
Dodge: Dodged            |    74 |   234 |   168 |   383 |   482 |   472 |   354 |    22 ||  2189
Block: Buckler           |       |     1 |   111 |    23 |       |       |       |       ||   135
       Tower shield      |       |       |       |       |  1025 |  1467 |  1703 |    43 ||  4238

Table legend: (Time is in decaauts)
 A = Elapsed time spent in this place.
 B = Non-inter-level travel time spent in this place.
 C = Inter-level travel time spent in this place.
 D = Time resting spent in this place.
 E = Time spent auto-exploring this place.
 F = Levels seen in this place.
 G = Mean time per level.
                   A        B        C        D        E       F      G
               +--------+--------+--------+--------+--------+-----+--------+
         Total |  40730 |  38478 |   2252 |   1022 |  25933 |  41 |  993.4 |
       Dungeon |  13780 |  12959 |    821 |    266 |   9330 |  15 |  918.7 |
          Lair |   6720 |   6050 |    670 |    197 |   4563 |   6 | 1120.0 |
         Swamp |   3884 |   3734 |    150 |      0 |   2726 |   4 |  971.0 |
   Spider Nest |   3688 |   3482 |    206 |    153 |   2216 |   4 |  922.0 |
  Orcish Mines |   1985 |   1870 |    115 |      0 |   1134 |   2 |  992.5 |
   Elven Halls |   4496 |   4297 |    199 |    264 |   2351 |   3 | 1498.7 |
        Vaults |   4318 |   4230 |     88 |    141 |   2769 |   3 | 1439.3 |
         Abyss |      3 |      3 |      0 |      0 |      0 |   1 |    3.0 |
      Ice Cave |    422 |    422 |      0 |      0 |    146 |   1 |  422.0 |
        Wizlab |    280 |    280 |      0 |      0 |      0 |   1 |  280.0 |
    Desolation |   1150 |   1150 |      0 |      0 |    697 |   1 | 1150.0 |
               +--------+--------+--------+--------+--------+-----+--------+

Top non-repeatable levels by time:
Vaults:1: 2164 daAuts
  Lair:6: 1963 daAuts
   Elf:3: 1856 daAuts
   Elf:2: 1787 daAuts
Vaults:2: 1701 daAuts
   Orc:2: 1355 daAuts
     D:1: 1308 daAuts
     D:2: 1282 daAuts
 Swamp:3: 1255 daAuts
Spider:4: 1252 daAuts
    D:12: 1187 daAuts
Desolation: 1150 daAuts
     D:9: 1149 daAuts
Spider:2: 1133 daAuts
  Lair:2: 1124 daAuts
